 Dungeon Crawl Stone Soup version 0.18.1-6-gd335043 (webtiles) character file.

93 deorigin the Shield-Bearer (level 4, -2/35 HPs)
             Began as a Formicid Fighter on May 18, 2016.
             Killed by divine providence
             ... invoked by an orc priest
              (13 damage)
             ... on level 3 of the Dungeon.
             The game lasted 00:06:05 (1770 turns).

deorigin the Shield-Bearer (Formicid Fighter)       Turns: 1770, Time: 00:06:05

Health: -2/35      AC:  9    Str: 21    XL:     4   Next: 92%
Magic:  4/4        EV:  8    Int:  7    God:
Gold:   59         SH:  9    Dex: 11    Spells: 0 memorised, 3 levels left

rFire  . . .     SeeInvis +     a - +0 long sword
rCold  . . .     Gourm    .     b - +0 scale mail
rNeg   . . .     Faith    .     c - +0 shield
rPois  .         Spirit   .     (helmet unavailable)
rElec  .         Dismiss  .     k - +1 cloak
rCorr  .         Reflect  .     (no gloves)
SustAt .         Harm     .     (no boots)
MR     .....                    (no amulet)
Stlth  ..........               (no ring)
                                (no ring)

@: not resistant to hostile enchantments, extremely unstealthy
A: permanent stasis, dig shafts and tunnels, four strong arms, antennae 3
a: Dig, Shaft Self


You were on level 3 of the Dungeon.
You were not hungry.

You visited 1 branch of the dungeon, and saw 3 of its levels.

You collected 59 gold pieces.

Inventory:

Hand Weapons
 a - a +0 long sword (weapon)
Missiles
 t - 5 poisoned tomahawks (quivered)
Armour
 b - a +0 scale mail (worn)
 c - a +0 shield (worn)
 k - a +1 cloak (worn)
 s - a +0 cloak
Jewellery
 p - an uncursed ring of poison resistance {unknown}
Scrolls
 g - a scroll of random uselessness {unknown}
 i - 2 scrolls of recharging {unknown}
 j - 3 scrolls of amnesia {unknown}
 l - 3 scrolls of remove curse {unknown}
 n - a scroll of identify {unknown}
Potions
 d - 2 potions of might
 e - 2 potions of curing {unknown}
 h - a potion of flight {unknown}
 m - 2 potions of lignification {unknown}
 q - a potion of resistance {unknown}
Comestibles
 f - 4 bread rations
 o - a meat ration
 r - 4 fruits


   Skills:
 - Level 3.5 Fighting
 + Level 4.0 Long Blades
 - Level 3.5 Armour
 - Level 0.1 Dodging
 - Level 4.0 Shields


You had 3 spell levels left.
You didn't know any spells.

Dungeon Overview and Level Annotations

Branches:
Dungeon (3/15)

Altars:
Kikubaaqudgha
Sif Muna
Xom


Innate Abilities, Weirdness & Mutations

You are under a permanent stasis effect.
You can dig through walls and to a lower floor.
Your four strong arms can wield two-handed weapons with a shield.
You have a pair of large antennae on your head (SInv).


Message History

Your Long Blades skill increases to level 4!
You slash the orc!
You kill the orc!
You hit the orc but do no damage. You block the orc's attack.
You hit the orc.
The orc is severely wounded.
The orc hits you with an enchanted mace.
* * * LOW HITPOINT WARNING * * *
You hit the orc.
You kill the orc!
Okay, then.
Unknown command.
You extend your mandibles.
You dig through the rock wall.
You dig through the rock wall.
You retract your mandibles.
You slash the orc!
You kill the orc!
The orc priest invokes the aid of Beogh against you.
Beogh smites you!
You die...

....... .....##.#
.... .....##.##(...
.............
....##.....#
#.)###..... ###
##)###...# ##@##
###).##...#####o#.#
..............)####
................##
.................##
..................#
$.............†..<#
..................#
..................#


You could see an orc priest.

Vanquished Creatures
  An adder (D:2)
  4 worms (D:2)
  A dart slug (D:2)
  9 orcs (D:3)
  A ball python (D:2)
  9 bats
  6 giant cockroaches
  5 goblins
  2 hobgoblins (D:2)
  4 giant newts
  8 kobolds
  10 rats
60 creatures vanquished.

Notes
Turn   | Place    | Note
--------------------------------------------------------------
     0 | D:1      | deorigin the Formicid Fighter began the quest for the Orb.
     0 | D:1      | Reached XP level 1. HP: 18/18 MP: 1/1
    80 | D:1      | Reached XP level 2. HP: 21/24 MP: 2/2
   735 | D:1      | Reached XP level 3. HP: 23/29 MP: 3/3
   914 | D:2      | Found a shimmering altar of Xom.
  1253 | D:2      | Reached XP level 4. HP: 29/35 MP: 4/4
  1311 | D:2      | Found an ancient bone altar of Kikubaaqudgha.
  1576 | D:2      | Found a deep blue altar of Sif Muna.
  1770 | D:3      | Killed from afar by an orc priest

Skill      XL: |  1  2  3  4 |
---------------+-------------+-----
Shields        | 4 |  4.0
Long Blades    | 3 4 |  4.0
Fighting       | |  3.5
Armour         | |  3.5
Dodging        | |  0.1

Action                   |  1- 3 |  4- 6 || total
-------------------------+-------+-------++-------
Melee: Long sword        |   142 |    70 ||   212
 Abil: Dig               |       |     2 ||     2
  Eat: Chunk             |     1 |     2 ||     3
Armor: Scale mail        |    56 |    20 ||    76
Dodge: Dodged            |    42 |    17 ||    59
Block: Shield            |    76 |    38 ||   114
